 Dungeon Crawl Stone Soup version 0.24-a0-479-g9a978d2894 (webtiles) character file.

Game seed: 8933984890630896374

81 Azzok the Magician (level 4, -2/24 HPs)
             Began as a Deep Elf Fire Elementalist on July 6, 2019.
             Killed by nerve-wracking pain
             ... invoked by an orc priest
              (10 damage)
             ... on level 3 of the Dungeon.
             The game lasted 00:02:47 (2641 turns).

Azzok the Magician (Deep Elf Fire Elementalist)     Turns: 2641, Time: 00:02:48

Health: -2/24      AC:  4    Str:  5    XL:     4   Next: 19%
Magic:  7/12       EV: 13    Int: 21    God:
Gold:   97         SH:  0    Dex: 15    Spells: 10/11 levels left

rFire    . . .     SeeInvis .   (no weapon)
rCold    . . .     Gourm    .   (no shield)
rNeg     . . .     Faith    .   a - +0 robe
rPois    .         Spirit   .   (no helmet)
rElec    .         Reflect  .   p - +0 cloak
rCorr    .         Harm     .   (no gloves)
MR       .....                  f - +0 pair of boots
Stlth    +++.......             (no amulet)
HPRegen  0.08/turn              m - ring of stealth
MPRegen  0.13/turn              (no ring)

@: no status effects
A: no striking features
a: no special abilities


You were on level 3 of the Dungeon.
You were not hungry.

You visited 1 branch of the dungeon, and saw 3 of its levels.

You collected 97 gold pieces.

Inventory:

Armour
 a - a +0 robe (worn)
 f - a +0 pair of boots (worn)
 p - a +0 cloak (worn)
Jewellery
 m - a ring of stealth (left hand)
Scrolls
 b - 5 scrolls of teleportation {unknown}
 e - 2 scrolls of enchant armour {unknown}
 h - 3 scrolls of identify {unknown}
 i - a scroll of remove curse {unknown}
 j - a scroll of fear {unknown}
 l - a scroll of amnesia {unknown}
 n - a scroll of noise {unknown}
Potions
 d - a potion of lignification {unknown}
 g - 2 potions of agility {unknown}
 k - 2 potions of brilliance {unknown}
 o - a potion of invisibility {unknown}
 q - 4 potions of curing {unknown}
Comestibles
 c - 6 rations
 r - 3 chunks of flesh


   Skills:
 - Level 2.4 Dodging
 - Level 2.4 Stealth
 + Level 4.3 Spellcasting
 + Level 2.7 Conjurations
 + Level 4.1 Fire Magic


You had 10 spell levels left.
You knew the following spells:

 Your Spells              Type           Power        Failure   Level  Hunger
a - Flame Tongue          Conj/Fire      ###..        2%          1    None

Your spell library contained the following spells:

 Spells                   Type           Power        Failure   Level  Hunger
 Throw Flame              Conj/Fire      ###...       4%          2    #......
 Conjure Flame            Conj/Fire      ###.....     9%          3    ##.....
 Inner Flame              Hex/Fire       ##......     16%         3    ##.....
 Sticky Flame             Conj/Fire      ###.....     28%         4    ####...
 Fireball                 Conj/Fire      ###.......   61%         5    ######.


Dungeon Overview and Level Annotations

Branches:
Dungeon (3/15)

Altars:

Annotations:
D:3 1 transporter, KristoblXynda's ghost, amateur SpBe


Message History

The flame tongue hits the orc priest.
The orc priest is moderately wounded.
Casting: Flame Tongue (safe; 2% risk of failure)
Confirm with . or Enter, or press ? or * to list all spells.
Aiming: Flame Tongue (safe; 2% risk of failure)
Press: ? - help, Shift-Dir - straight line, f/p - orc priest
Aim: an orc priest, wielding a +0 club and wearing a +0 leather armour (moderately wounded)
The flame tongue misses the orc priest.
The orc priest begins to cast a cantrip, but forgets the words!
The orc hits you with a +0 falchion.
Casting: Flame Tongue (safe; 2% risk of failure)
Confirm with . or Enter, or press ? or * to list all spells.
Aiming: Flame Tongue (safe; 2% risk of failure)
Press: ? - help, Shift-Dir - straight line, f/p - orc priest
Aim: an orc priest, wielding a +0 club and wearing a +0 leather armour (moderately wounded)
The flame tongue hits the orc priest but does no damage.
The orc priest is moderately wounded.
The orc priest mumbles some strange prayers to Beogh against you.
Pain shoots through your body!
You die...

··▒ ▒·▒ ▒·▒ ▒▒▒·▒▒▒ ▒··
▒·····▒
······▒▒▒▒··÷··▒▒
▒···············▒ ▒···
·▒▒▒▒······▒ ▒▒▒▒(··
▒·@o···▒ ·····▒ ▒▒▒o▒▒·▒
▒··▒▒▒▒▒▒▒▒▒·▒ ·▒
▒···<·oo·····▒ ▒
▒▒▒▒▒▒··▒▒▒▒▒▒▒▒▒▒·····▒
▒·······▒ ·····▒
▒·▒▒▒········· ·····▒
▒···▒▒▒▒▒▒ ·····▒ ·····
··!··▒


You could see an orc priest and an orc.

Vanquished Creatures
  3 adders (D:2)
  An ooze (D:2)
  2 dart slugs
  2 leopard geckos (D:1)
  An orc (D:3)
  2 ball pythons (D:2)
  3 giant cockroaches
  7 goblins (D:2)
  5 hobgoblins
  7 bats
  6 frilled lizards
  3 kobolds
  3 rats
45 creatures vanquished.

Notes
Turn   | Place    | Note
-------+----------+-------------------------------------------
     0 | D:1      | Azzok the Deep Elf Fire Elementalist began the quest for
                  | the Orb.
     0 | D:1      | Reached XP level 1. HP: 10/10 MP: 6/6
   373 | D:1      | Reached XP level 2. HP: 15/15 MP: 5/8
  1294 | D:2      | Reached XP level 3. HP: 18/19 MP: 7/10
  2092 | D:2      | Reached XP level 4. HP: 24/24 MP: 8/12
  2558 | D:3      | Found a transporter.
  2580 | D:3      | Noticed KristoblXynda's ghost (amateur SpBe)
  2641 | D:3      | Killed from afar by an orc priest

Levels and vault maps discovered:
D:1:      sevenhm_arrival_forest_fort_large_3, layout_basic,
          serial_bayou_lagoon_b
D:2:      minmay_evil_eye, layout_basic, first_ration
D:3:      layout_loops_ring, gammafunk_ghost_stat_death, uniq_grinder,
          uniq_terence, uniq_jessica

Skill      XL: |  1  2  3 |
---------------+----------+-----
Conjurations   | 2 |  2.7
Spellcasting   | 4 |  4.3
Fire Magic     | 4 |  4.1
Dodging        | |  2.4
Stealth        | |  2.4

Action                   |  1- 3 |  4- 6 || total
-------------------------+-------+-------++-------
Melee: Unarmed           |    21 |     1 ||    22
 Cast: Flame Tongue      |    64 |    18 ||    82
  Eat: Chunk             |     3 |     2 ||     5
Armor: Robe              |     7 |     1 ||     8
Dodge: Dodged            |    27 |       ||    27

Table legend:
 A = Non-vault XP
 B = Vault XP
 C = Vault XP percentage of total XP
 D = Non-vault monster count
 E = Vault monster count
 F = Vault count percentage of total count
                 A         B        C        D         E       F
            +---------+---------+-------+---------+---------+-------
      Total |     116 |       0 |   0.0 |      45 |       0 |   0.0
            +---------+---------+-------+---------+---------+-------
        D:1 |      21 |       0 |   0.0 |      12 |       0 |   0.0
        D:2 |      88 |       0 |   0.0 |      29 |       0 |   0.0
        D:3 |       7 |       0 |   0.0 |       4 |       0 |   0.0
            +---------+---------+-------+---------+---------+-------
